Monarchs vs High Goats
(R1)
Created - 23 décembre 2013 at 19:29
Goals
|
| Monarchs |
5 |
2 |
1 |
8 |
| High Goats |
0 |
2 |
3 |
5 |
|
Shots
|
| Monarchs |
7 |
14 |
14 |
35 |
| High Goats |
9 |
19 |
12 |
40 |
|
1st period
1. Monarchs , Chris Clark 9 (Jarret Stoll) at 6:23 (SH)
2. Monarchs , Carl Hagelin 7 (Jason Chimera, Patrik Berglund) at 8:21
3. Monarchs , Mikkel Boedker 15 (Patrik Berglund, Alec Martinez) at 9:51
4. Monarchs , Chris Clark 10 (Jason Chimera, Raphael Diaz) at 10:08 (PP)
5. Monarchs , Patrik Berglund 15 (Kevin Marshall) at 16:22
Penalties :
Frederic St-Denis (Buc) for Tripping (Minor) at 1:24, Jason Chimera (MAN) for Tripping (Minor) at 5:43, Jesse Winchester (Buc) for Hooking (Minor) at 9:52, Maxime Macenauer (MAN) for Hooking (Minor) at 13:56
2nd period
6. Monarchs , Chris Clark 11 (Jason Chimera, Jarret Stoll) at 7:35 (PP)
7. High Goats , Brendon Segal 4 (Jason Ryznar, Frederic St-Denis) at 14:21
8. Monarchs , Patrik Berglund 16 (Denis Hamel, Mikkel Boedker) at 17:02 (PP)
9. High Goats , Chris Stewart 21 (Antti Laaksonen, Anton Stralman) at 17:18
Penalties :
Joshua Bailey (Buc) for Tripping (Minor) at 5:12, Carl Hagelin (MAN) for High sticking (Minor) at 5:12, Frederic St-Denis (Buc) for Tripping (Minor) at 7:25, Antti Laaksonen (Buc) for Hooking (Minor) at 7:49, Nate Prosser (MAN) for Roughing (Minor) at 10:57, Thomas Hickey (Buc) for Roughing (Minor) at 16:25, Jason Chimera (MAN) for Holding (Minor) at 18:21
3rd period
10. Monarchs , Michael Haley 5 (Jarret Stoll, Alec Martinez) at 8:27 (PP)
11. High Goats , Brandon Bollig 7 (Chris Stewart, Pavel Brendl) at 10:06
12. High Goats , Matt Frattin 8 (Anton Stralman, Joshua Bailey) at 10:25
13. High Goats , Chris Stewart 22 (Gord Baldwin, Jesse Winchester) at 10:55
Penalties :
Brandon Bollig (Buc) for Kneeing (Major) at 4:03, Chris Clark (MAN) for Interference (Minor) at 4:03, Antti Laaksonen (Buc) for Hooking (Minor) at 11:14, Jesse Winchester (Buc) for Hooking (Minor) at 14:01, Brandon Bollig (Buc) for Cross-checking (Minor) at 17:07
Goalie Stats
Michael Leighton (MAN), 35 saves from 40 shots - (0,875), W, 4-4-2, 60:00 minutes
Keith Kinkaid (Buc), 2 saves from 6 shots - (0,333), 10:08 minutes
Thomas McCollum (Buc), 25 saves from 29 shots - (0,862), L, 2-7-2, 49:52 minutes
Players Stats for Monarchs
Player Name G A P +/- PIM S H SB GA TA FO MP PP MP PK MP
------------------------------------------------------------------------------------
Alec Martinez 0 2 2 0 0 2 2 0 0 2 0/0 22:44 5:40 2:52
Barry Tallackson 0 0 0 0 0 0 0 0 0 0 0/0 0:59 0:00 0:00
Carl Hagelin 1 0 1 0 2 4 0 2 0 0 0/0 10:41 0:00 1:11
Chris Clark 3 0 3 -1 2 7 1 0 3 2 3/4 27:30 7:44 5:17
Colby Robak 0 0 0 0 0 0 0 0 0 0 0/0 1:06 0:00 0:00
Colin Fraser 0 0 0 0 0 0 0 0 0 0 0/0 1:50 1:29 0:03
David Fischer 0 0 0 0 0 0 0 0 0 0 0/0 0:00 0:00 0:00
Denis Hamel 0 1 1 -2 0 1 2 0 1 0 0/0 17:23 6:02 0:12
Jamie McGinn 0 0 0 0 0 0 0 0 0 0 0/0 0:00 0:00 0:00
Janne Niinimaa 0 0 0 0 0 0 0 0 0 0 0/0 0:51 0:39 0:00
Jarret Stoll 0 3 3 0 0 3 3 1 0 1 23/41 26:50 6:26 5:20
Jason Chimera 0 3 3 1 4 1 5 0 1 0 1/2 19:00 7:27 1:28
Jonathan Matsumoto 0 0 0 0 0 0 0 0 0 0 0/0 0:00 0:00 0:00
Kevin Marshall 0 1 1 1 0 1 0 0 0 0 0/0 8:54 0:43 0:00
Matt Foy 0 0 0 0 0 0 0 0 0 0 0/0 0:00 0:00 0:00
Maxime Macenauer 0 0 0 0 2 0 1 0 0 0 2/2 7:42 0:00 0:00
Michael Haley 1 0 1 0 0 2 1 0 0 0 0/1 10:00 0:30 0:00
Mikkel Boedker 1 1 2 -2 0 4 2 1 0 0 1/1 16:28 6:02 0:00
Nate Prosser 0 0 0 -2 2 0 1 2 0 0 0/0 27:06 7:39 3:49
Patrik Berglund 2 2 4 0 0 5 3 1 3 0 9/18 20:42 6:02 2:21
Raphael Diaz 0 1 1 -2 0 2 1 2 0 2 0/0 27:16 7:35 5:04
Slava Voynov 0 0 0 1 0 2 0 1 0 0 0/0 9:26 0:00 1:15
Tommy Wingels 0 0 0 0 0 0 1 0 0 0 1/4 8:48 0:12 0:00
Travis Hamonic 0 0 0 0 0 1 0 0 0 1 0/0 22:44 5:40 2:52
Trevor Lewis 0 0 0 0 0 0 0 0 0 0 0/0 0:00 0:00 0:00
Players Stats for High Goats
Player Name G A P +/- PIM S H SB GA TA FO MP PP MP PK MP
------------------------------------------------------------------------------------
Anton Stralman 0 2 2 3 0 3 1 1 1 1 0/0 30:02 5:23 8:28
Antti Laaksonen 0 1 1 1 4 0 1 0 1 2 0/1 15:57 4:18 1:07
Arturs Kulda 0 0 0 -1 0 0 0 0 0 0 0/0 8:25 0:00 0:00
Brandon Bollig 1 0 1 -1 7 1 4 1 0 0 0/0 9:35 0:00 0:00
Brendon Segal 1 0 1 1 0 5 1 0 1 0 0/2 8:41 0:00 0:00
Chris Stewart 2 1 3 2 0 8 0 0 1 1 1/2 25:03 4:18 7:49
Dana Tyrell 0 0 0 1 0 0 3 0 0 0 0/3 7:47 0:00 0:00
Drayson Bowman 0 0 0 0 0 1 2 0 0 0 0/0 10:30 3:38 0:00
Frederic St-Denis 0 1 1 0 4 1 1 0 0 0 0/0 12:48 0:00 3:12
Gord Baldwin 0 1 1 3 0 2 2 1 0 0 0/0 30:02 5:23 8:28
Jason Ryznar 0 1 1 1 0 0 1 0 1 1 0/1 8:35 0:00 0:48
Jesse Winchester 0 1 1 1 4 2 2 0 0 0 16/35 19:50 4:18 3:24
Joshua Bailey 0 1 1 -1 2 2 1 1 0 0 5/6 7:01 0:00 0:00
Matt Frattin 1 0 1 -1 0 2 2 1 0 1 2/2 10:44 0:00 2:31
Matt Taormina 0 0 0 -1 0 6 0 2 1 0 0/0 21:33 2:33 5:30
Nick Bonino 0 0 0 -1 0 1 0 0 0 0 3/11 16:55 3:38 4:19
Pavel Brendl 0 1 1 0 0 3 0 0 2 0 6/10 21:14 3:38 7:58
Thomas Hickey 0 0 0 -2 2 3 0 2 0 2 0/0 17:12 2:33 2:18
3 Stars
1 - Patrik Berglund (MAN)
2 - Chris Stewart (Buc)
3 - Chris Clark (MAN)
Power Play
Monarchs - 4 on 8 Attempt(s) - 50,00%
High Goats - 0 on 4 Attempt(s) - 0,00%
Penalty Kill
Monarchs - 4 on 4 Attempt(s) - 100,00%
- Score 1 goal in Penalty Kill
High Goats - 4 on 8 Attempt(s) - 50,00%
- Score 0 goal in Penalty Kill
Official
Referees : McCreary Bill and O'Rourke Dan
Linesman : Pierre Racicot and Greg Devorski
Game Notes
Thomas McCollum enters game at 10:08 of 1st period
Chris Clark has scored a Hat Trick!
2:11 of 3rd period - Monarchs goal is going for a video replay. After video review, No Goal. The attacking player has interfered with a goalkeeper in his goal crease.
Finance
Level 1 -- Attendance: 1383 (69,15%) -- Ticket Income 48 405 $
Level 2 -- Attendance: 782 (78,20%) -- Ticket Income 11 730 $
Total Attendance: 2165 (72,17%)
Total Ticket Income: 60 135 $
Other Income: 3 007 $
Total Income: 63 142 $
Monarchs
5 vs 5 Forward
Center Left Wing Right Wing Time % Phy DF OF
1 Jarret Stoll Jason Chimera Chris Clark 40 1 2 2
2 Patrik Berglund Denis Hamel Mikkel Boedker 30 1 2 2
3 Tommy Wingels Michael Haley Jarret Stoll 20 1 2 2
4 Maxime Macenauer Carl Hagelin Chris Clark 10 1 2 2
5 vs 5 Defense
Defense Defense Time % Phy DF OF
1 Nate Prosser Raphael Diaz 40 1 2 2
2 Alec Martinez Travis Hamonic 30 1 2 2
3 Kevin Marshall Slava Voynov 20 1 2 2
4 Colby Robak Nate Prosser 10 1 2 2
PowerPlay Forward
Center Left Wing Right Wing Time % Phy DF OF
1 Jarret Stoll Jason Chimera Chris Clark 60 1 2 2
2 Patrik Berglund Denis Hamel Mikkel Boedker 40 1 2 2
PowerPlay Defense
Defense Defense Time % Phy DF OF
1 Nate Prosser Raphael Diaz 60 1 2 2
2 Alec Martinez Travis Hamonic 40 1 2 2
Penalty Kill 4 Players Forward
Center Wing Time % Phy DF OF
1 Jarret Stoll Chris Clark 60 1 2 2
2 Patrik Berglund Jason Chimera 40 1 2 2
Penalty Kill 4 Players Defense
Defense Defense Time % Phy DF OF
1 Nate Prosser Raphael Diaz 60 1 2 2
2 Alec Martinez Travis Hamonic 40 1 2 2
Penalty Kill - 3 Players Forward
Forward Time % Phy DF OF
1 Jarret Stoll 60 1 2 2
2 Chris Clark 40 1 2 2
Penalty Kill - 3 Players Defense
Defense Defense Time % Phy DF OF
1 Nate Prosser Raphael Diaz 60 1 2 2
2 Alec Martinez Travis Hamonic 40 1 2 2
4 vs 4 Forward
Center Wing Time % Phy DF OF
1 Jarret Stoll Chris Clark 60 1 2 2
2 Patrik Berglund Jason Chimera 40 1 2 2
4 vs 4 Defense
Defense Defense Time % Phy DF OF
1 Nate Prosser Raphael Diaz 60 1 2 2
2 Alec Martinez Travis Hamonic 40 1 2 2
Last Minutes Offensive
Center Left Wing Right Wing Defense Defense
Jarret Stoll Jason Chimera Chris Clark Nate Prosser Raphael Diaz
Last Minutes Defensive
Center Left Wing Right Wing Defense Defense
Jarret Stoll Jason Chimera Chris Clark Nate Prosser Raphael Diaz
Goaltenders
Starting : Michael Leighton
Backup : Braden Holtby
Extra Forwards
Normal : Michael Haley, Tommy Wingels, Carl Hagelin - PP : Michael Haley, Tommy Wingels - PK : Carl Hagelin
Extra Defensemen
Normal : Kevin Marshall, Slava Voynov, Colby Robak - PP : Kevin Marshall - PK : Slava Voynov, Colby Robak
Penalty Shots
Jarret Stoll, Chris Clark, Patrik Berglund, Jason Chimera, Denis Hamel
High Goats
5 vs 5 Forward
Center Left Wing Right Wing Time % Phy DF OF
1 Jesse Winchester Antti Laaksonen Chris Stewart 40 1 2 2
2 Nick Bonino Brandon Bollig Pavel Brendl 30 1 2 2
3 Joshua Bailey Drayson Bowman Matt Frattin 20 1 2 2
4 Dana Tyrell Jason Ryznar Brendon Segal 10 1 2 2
5 vs 5 Defense
Defense Defense Time % Phy DF OF
1 Anton Stralman Gord Baldwin 40 1 2 2
2 Matt Taormina Thomas Hickey 30 1 2 2
3 Arturs Kulda Frederic St-Denis 20 1 2 2
4 Anton Stralman Gord Baldwin 10 1 2 2
PowerPlay Forward
Center Left Wing Right Wing Time % Phy DF OF
1 Jesse Winchester Antti Laaksonen Chris Stewart 60 1 2 2
2 Nick Bonino Drayson Bowman Pavel Brendl 40 1 2 2
PowerPlay Defense
Defense Defense Time % Phy DF OF
1 Anton Stralman Gord Baldwin 60 1 2 2
2 Matt Taormina Thomas Hickey 40 1 2 2
Penalty Kill 4 Players Forward
Center Wing Time % Phy DF OF
1 Pavel Brendl Chris Stewart 60 1 2 2
2 Nick Bonino Jesse Winchester 40 1 2 2
Penalty Kill 4 Players Defense
Defense Defense Time % Phy DF OF
1 Anton Stralman Gord Baldwin 60 1 2 2
2 Matt Taormina Frederic St-Denis 40 1 2 2
Penalty Kill - 3 Players Forward
Forward Time % Phy DF OF
1 Chris Stewart 60 1 2 2
2 Nick Bonino 40 1 2 2
Penalty Kill - 3 Players Defense
Defense Defense Time % Phy DF OF
1 Anton Stralman Gord Baldwin 60 1 2 2
2 Matt Taormina Frederic St-Denis 40 1 2 2
4 vs 4 Forward
Center Wing Time % Phy DF OF
1 Jesse Winchester Chris Stewart 60 1 2 2
2 Nick Bonino Pavel Brendl 40 1 2 2
4 vs 4 Defense
Defense Defense Time % Phy DF OF
1 Anton Stralman Gord Baldwin 60 1 2 2
2 Matt Taormina Thomas Hickey 40 1 2 2
Last Minutes Offensive
Center Left Wing Right Wing Defense Defense
Jesse Winchester Antti Laaksonen Pavel Brendl Anton Stralman Gord Baldwin
Last Minutes Defensive
Center Left Wing Right Wing Defense Defense
Jesse Winchester Antti Laaksonen Pavel Brendl Anton Stralman Gord Baldwin
Goaltenders
Starting : Keith Kinkaid
Backup : Thomas McCollum
Extra Forwards
Normal : Brendon Segal, Brandon Bollig, Matt Frattin - PP : Brendon Segal, Brandon Bollig - PK : Matt Frattin
Extra Defensemen
Normal : Arturs Kulda, Thomas Hickey, Matt Taormina - PP : Arturs Kulda - PK : Thomas Hickey, Matt Taormina
Penalty Shots
Pavel Brendl, Chris Stewart, Antti Laaksonen, Jesse Winchester, Brendon Segal
% Time on Ice - Monarchs
Lines # - Real PCT - Wanted PCT - Time Play
Normal Forward
1 - 24% - 40% - 8:20
2 - 34% - 30% - 11:40
3 - 20% - 20% - 6:52
4 - 21% - 10% - 7:16
Normal Defense
1 - 38% - 40% - 12:53
2 - 35% - 30% - 11:58
3 - 24% - 20% - 8:11
4 - 3% - 10% - 1:06
PP Forward
1 - 57% - 60% - 7:56
2 - 43% - 40% - 6:02
PP Defense
1 - 59% - 60% - 8:18
2 - 41% - 40% - 5:40
PK Forward
1 - 70% - 60% - 5:35
2 - 30% - 40% - 2:21
PK Defense
1 - 64% - 60% - 5:04
2 - 36% - 40% - 2:52
PK3 Forward
1 - 0% - 60%
2 - 0% - 40%
PK3 Defense
1 - 0% - 60%
2 - 0% - 40%
44 Forward
1 - 84% - 60% - 3:19
2 - 16% - 40% - 0:39
44 Defense
1 - 44% - 60% - 1:44
2 - 56% - 40% - 2:14
Last Minute Offensive - 0:00
Last Minute Defensive - 0:00
Total
Forward - 60:00
Defense - 60:00
|
% Time on Ice - High Goats
Lines # - Real PCT - Wanted PCT - Time Play
Normal Forward
1 - 33% - 40% - 11:23
2 - 24% - 30% - 8:08
3 - 20% - 20% - 6:50
4 - 23% - 10% - 7:47
Normal Defense
1 - 40% - 40% - 13:42
2 - 36% - 30% - 12:15
3 - 24% - 20% - 8:11
4 - 0% - 10% - 0:00
PP Forward
1 - 54% - 60% - 4:18
2 - 46% - 40% - 3:38
PP Defense
1 - 68% - 60% - 5:23
2 - 32% - 40% - 2:33
PK Forward
1 - 69% - 60% - 9:39
2 - 31% - 40% - 4:19
PK Defense
1 - 61% - 60% - 8:28
2 - 39% - 40% - 5:30
PK3 Forward
1 - 0% - 60%
2 - 0% - 40%
PK3 Defense
1 - 0% - 60%
2 - 0% - 40%
44 Forward
1 - 79% - 60% - 3:08
2 - 21% - 40% - 0:50
44 Defense
1 - 63% - 60% - 2:29
2 - 37% - 40% - 1:29
Last Minute Offensive - 0:00
Last Minute Defensive - 0:00
Total
Forward - 60:00
Defense - 60:00
|
Play by Play
1st period
0:01 of 1st period - Jesse Winchester wins face-off versus Chris Clark in neutral zone.
0:04 of 1st period - Wrist shot by Jesse Winchester.
0:04 of 1st period - Shot Blocked by Jarret Stoll.
0:06 of 1st period - Slapshot by Gord Baldwin.
0:06 of 1st period - Shot Blocked by Raphael Diaz.
0:10 of 1st period - Wrist shot by Chris Stewart.
0:10 of 1st period - Shot Blocked by Nate Prosser.
0:12 of 1st period - Wrist shot by Jesse Winchester.
0:12 of 1st period - Stopped by Michael Leighton with a rebound.
0:48 of 1st period - Off-side.
0:49 of 1st period - Joshua Bailey wins face-off versus Tommy Wingels in neutral zone.
1:16 of 1st period - Brendon Segal is hit by Alec Martinez and loses puck.
1:24 of 1st period - Minor Penalty to Frederic St-Denis for Tripping.
1:25 of 1st period - Pavel Brendl wins face-off versus Jarret Stoll in High Goats zone.
1:50 of 1st period - Raphael Diaz is hit by Anton Stralman and loses puck.
3:24 of 1st period - Penalty to Frederic St-Denis is over, Frederic St-Denis is back on ice.
3:40 of 1st period - Slapshot by Matt Taormina.
3:40 of 1st period - Stopped by Michael Leighton with a rebound.
4:39 of 1st period - Frederic St-Denis is hit by Jarret Stoll.
5:09 of 1st period - Tommy Wingels is hit by Dana Tyrell and loses puck.
5:26 of 1st period - Matt Frattin is hit by Mikkel Boedker and loses puck.
5:43 of 1st period - Minor Penalty to Jason Chimera for Tripping.
5:44 of 1st period - Jarret Stoll wins face-off versus Jesse Winchester in Monarchs zone.
5:53 of 1st period - Slapshot by Anton Stralman.
5:53 of 1st period - Stopped by Michael Leighton with a rebound.
6:21 of 1st period - Slapshot by Raphael Diaz.
6:21 of 1st period - Deflect By Patrik Berglund.
6:21 of 1st period - Shot Misses the Net.
6:21 of 1st period - Puck is out of play.
6:22 of 1st period - Jarret Stoll wins face-off versus Jesse Winchester in High Goats zone.
6:23 of 1st period - Wrist shot by Chris Clark.
6:23 of 1st period - Goal by Chris Clark - Monarchs : 1 - High Goats : 0.
6:24 of 1st period - Jarret Stoll wins face-off versus Jesse Winchester in neutral zone.
6:40 of 1st period - Off-side.
6:41 of 1st period - Nick Bonino wins face-off versus Jarret Stoll in neutral zone.
7:43 of 1st period - Penalty to Jason Chimera is over, Jason Chimera is back on ice.
7:58 of 1st period - Travis Hamonic is hit by Gord Baldwin and loses puck.
8:17 of 1st period - Snap shot by Patrik Berglund.
8:17 of 1st period - Shot Misses the Net.
8:19 of 1st period - Snap shot by Jason Chimera.
8:19 of 1st period - Shot Blocked by Matt Frattin.
8:21 of 1st period - Slapshot by Carl Hagelin.
8:21 of 1st period - Goal by Carl Hagelin - Monarchs : 2 - High Goats : 0.
8:22 of 1st period - Jarret Stoll wins face-off versus Jesse Winchester in neutral zone.
8:25 of 1st period - Slapshot by Jarret Stoll.
8:25 of 1st period - Stopped by Keith Kinkaid with a rebound.
8:27 of 1st period - Slapshot by Chris Clark.
8:27 of 1st period - Stopped by Keith Kinkaid without a rebound.
8:28 of 1st period - Jesse Winchester wins face-off versus Jarret Stoll in High Goats zone.
8:54 of 1st period - Wrist shot by Chris Stewart.
8:54 of 1st period - Shot Blocked by Mikkel Boedker.
8:56 of 1st period - Slapshot by Anton Stralman.
8:56 of 1st period - Deflect By Nick Bonino.
8:56 of 1st period - Shot Misses the Net.
8:56 of 1st period - Puck is out of play.
8:57 of 1st period - Patrik Berglund wins face-off versus Nick Bonino in Monarchs zone.
9:51 of 1st period - Snap shot by Patrik Berglund.
9:51 of 1st period - Deflect By Mikkel Boedker.
9:51 of 1st period - Goal by Mikkel Boedker - Monarchs : 3 - High Goats : 0.
9:52 of 1st period - Jarret Stoll wins face-off versus Jesse Winchester in neutral zone.
9:52 of 1st period - Minor Penalty to Jesse Winchester for Hooking.
9:53 of 1st period - Jarret Stoll wins face-off versus Pavel Brendl in High Goats zone.
10:08 of 1st period - Wrist shot by Chris Clark.
10:08 of 1st period - Goal by Chris Clark - Monarchs : 4 - High Goats : 0.
10:08 of 1st period - Thomas McCollum enters game.
10:09 of 1st period - Chris Clark wins face-off versus Jesse Winchester in neutral zone.
10:22 of 1st period - Antti Laaksonen is hit by Jason Chimera and loses puck.
11:05 of 1st period - Wrist shot by Joshua Bailey.
11:05 of 1st period - Shot Misses the Net.
11:25 of 1st period - Slapshot by Anton Stralman.
11:25 of 1st period - Stopped by Michael Leighton with a rebound.
11:39 of 1st period - Antti Laaksonen is hit by Patrik Berglund and loses puck.
12:49 of 1st period - Raphael Diaz is hit by Brandon Bollig and loses puck.
13:56 of 1st period - Minor Penalty to Maxime Macenauer for Hooking.
13:57 of 1st period - Jarret Stoll wins face-off versus Jesse Winchester in Monarchs zone.
14:02 of 1st period - Snap shot by Chris Stewart.
14:02 of 1st period - Stopped by Michael Leighton with a rebound.
14:04 of 1st period - Snap shot by Chris Stewart.
14:04 of 1st period - Shot Misses the Net.
14:06 of 1st period - Slapshot by Gord Baldwin.
14:06 of 1st period - Shot Misses the Net.
14:08 of 1st period - Snap shot by Chris Stewart.
14:08 of 1st period - Stopped by Michael Leighton with a rebound.
14:10 of 1st period - Slapshot by Gord Baldwin.
14:10 of 1st period - Stopped by Michael Leighton with a rebound.
14:12 of 1st period - Slapshot by Anton Stralman.
14:12 of 1st period - Shot Blocked by Nate Prosser.
14:22 of 1st period - Anton Stralman is hit by Patrik Berglund and loses puck.
15:56 of 1st period - Penalty to Maxime Macenauer is over, Maxime Macenauer is back on ice.
15:59 of 1st period - Snap shot by Jason Chimera.
15:59 of 1st period - Shot Misses the Net.
16:22 of 1st period - Slapshot by Patrik Berglund.
16:22 of 1st period - Goal by Patrik Berglund - Monarchs : 5 - High Goats : 0.
16:23 of 1st period - Tommy Wingels wins face-off versus Chris Stewart in neutral zone.
17:11 of 1st period - Frederic St-Denis is hit by Raphael Diaz and loses puck.
17:32 of 1st period - Jason Chimera is hit by Jason Ryznar and loses puck.
18:20 of 1st period - Carl Hagelin is hit by Drayson Bowman and loses puck.
18:42 of 1st period - Jarret Stoll is hit by Jesse Winchester and loses puck.
18:53 of 1st period - Anton Stralman is hit by Mikkel Boedker and loses puck.
19:32 of 1st period - Snap shot by Matt Frattin.
19:32 of 1st period - Stopped by Michael Leighton without a rebound.
19:33 of 1st period - Jesse Winchester wins face-off versus Patrik Berglund in Monarchs zone.
19:34 of 1st period - Wrist shot by Chris Stewart.
19:34 of 1st period - Stopped by Michael Leighton without a rebound.
19:35 of 1st period - Jesse Winchester wins face-off versus Jarret Stoll in Monarchs zone.
2nd period
0:01 of 2nd period - Jarret Stoll wins face-off versus Jesse Winchester in neutral zone.
1:05 of 2nd period - Wrist shot by Jarret Stoll.
1:05 of 2nd period - Stopped by Thomas McCollum with a rebound.
1:07 of 2nd period - Backhand shot by Michael Haley.
1:07 of 2nd period - Shot Misses the Net.
1:09 of 2nd period - Snap shot by Jarret Stoll.
1:09 of 2nd period - Stopped by Thomas McCollum with a rebound.
1:11 of 2nd period - Slapshot by Michael Haley.
1:11 of 2nd period - Shot Misses the Net.
1:18 of 2nd period - Icing by Matt Taormina.
1:19 of 2nd period - Patrik Berglund wins face-off versus Dana Tyrell in High Goats zone.
1:50 of 2nd period - Snap shot by Brendon Segal.
1:50 of 2nd period - Shot Misses the Net.
2:14 of 2nd period - Wrist shot by Brendon Segal.
2:14 of 2nd period - Shot Misses the Net.
2:48 of 2nd period - Snap shot by Brendon Segal.
2:48 of 2nd period - Stopped by Michael Leighton with a rebound.
2:50 of 2nd period - Slapshot by Matt Taormina.
2:50 of 2nd period - Stopped by Michael Leighton with a rebound.
2:52 of 2nd period - Wrist shot by Brendon Segal.
2:52 of 2nd period - Shot Misses the Net.
2:54 of 2nd period - Slapshot by Matt Taormina.
2:54 of 2nd period - Stopped by Michael Leighton with a rebound.
2:56 of 2nd period - Slapshot by Matt Taormina.
2:56 of 2nd period - Stopped by Michael Leighton with a rebound.
2:58 of 2nd period - Slapshot by Thomas Hickey.
2:58 of 2nd period - Stopped by Michael Leighton without a rebound.
2:59 of 2nd period - Patrik Berglund wins face-off versus Jesse Winchester in Monarchs zone.
3:25 of 2nd period - Chris Clark is hit by Gord Baldwin and loses puck.
3:30 of 2nd period - Snap shot by Nick Bonino.
3:30 of 2nd period - Shot Blocked by Carl Hagelin.
4:43 of 2nd period - Slapshot by Drayson Bowman.
4:43 of 2nd period - Stopped by Michael Leighton without a rebound.
4:44 of 2nd period - Jarret Stoll wins face-off versus Jesse Winchester in Monarchs zone.
5:06 of 2nd period - Maxime Macenauer is hit by Drayson Bowman and loses puck.
5:12 of 2nd period - Minor Penalty to Joshua Bailey for Tripping.
5:12 of 2nd period - Minor Penalty to Carl Hagelin for High sticking.
5:13 of 2nd period - Jarret Stoll wins face-off versus Jesse Winchester in neutral zone.
5:38 of 2nd period - Jesse Winchester is hit by Jarret Stoll.
6:24 of 2nd period - Jarret Stoll is hit by Brandon Bollig and loses puck.
6:33 of 2nd period - Slapshot by Matt Taormina.
6:33 of 2nd period - Stopped by Michael Leighton with a rebound.
7:07 of 2nd period - Snap shot by Michael Haley.
7:07 of 2nd period - Shot Blocked by Gord Baldwin.
7:12 of 2nd period - Penalty to Joshua Bailey is over, Joshua Bailey is back on ice.
7:12 of 2nd period - Penalty to Carl Hagelin is over, Carl Hagelin is back on ice.
7:21 of 2nd period - Wrist shot by Joshua Bailey.
7:21 of 2nd period - Shot Misses the Net.
7:23 of 2nd period - Slapshot by Gord Baldwin.
7:23 of 2nd period - Stopped by Michael Leighton without a rebound.
7:24 of 2nd period - Patrik Berglund wins face-off versus Brendon Segal in Monarchs zone.
7:24 of 2nd period - Patrik Berglund is hit by Brendon Segal.
7:25 of 2nd period - Minor Penalty to Frederic St-Denis for Tripping.
7:26 of 2nd period - Jarret Stoll wins face-off versus Pavel Brendl in High Goats zone.
7:35 of 2nd period - Wrist shot by Chris Clark.
7:35 of 2nd period - Goal by Chris Clark - Monarchs : 6 - High Goats : 0.
7:36 of 2nd period - Jesse Winchester wins face-off versus Jarret Stoll in neutral zone.
7:44 of 2nd period - Off-side.
7:45 of 2nd period - Jarret Stoll wins face-off versus Jesse Winchester in neutral zone.
7:49 of 2nd period - Minor Penalty to Antti Laaksonen for Hooking.
7:50 of 2nd period - Jarret Stoll wins face-off versus Pavel Brendl in High Goats zone.
8:24 of 2nd period - Wrist shot by Mikkel Boedker.
8:24 of 2nd period - Shot Misses the Net.
8:26 of 2nd period - Wrist shot by Mikkel Boedker.
8:26 of 2nd period - Shot Blocked by Anton Stralman.
9:23 of 2nd period - Jason Chimera is hit by Matt Frattin and loses puck.
9:49 of 2nd period - Penalty to Antti Laaksonen is over, Antti Laaksonen is back on ice.
10:00 of 2nd period - Snap shot by Joshua Bailey.
10:00 of 2nd period - Stopped by Michael Leighton without a rebound.
10:01 of 2nd period - Joshua Bailey wins face-off versus Tommy Wingels in Monarchs zone.
10:04 of 2nd period - Slapshot by Thomas Hickey.
10:04 of 2nd period - Stopped by Michael Leighton with a rebound.
10:06 of 2nd period - Snap shot by Thomas Hickey.
10:06 of 2nd period - Stopped by Michael Leighton without a rebound.
10:07 of 2nd period - Jesse Winchester wins face-off versus Jarret Stoll in Monarchs zone.
10:08 of 2nd period - Snap shot by Chris Stewart.
10:08 of 2nd period - Stopped by Michael Leighton without a rebound.
10:09 of 2nd period - Jarret Stoll wins face-off versus Jesse Winchester in Monarchs zone.
10:09 of 2nd period - Jarret Stoll is hit by Jesse Winchester.
10:45 of 2nd period - Wrist shot by Patrik Berglund.
10:45 of 2nd period - Shot Blocked by Brandon Bollig.
10:47 of 2nd period - Slapshot by Kevin Marshall.
10:47 of 2nd period - Deflect By Anton Stralman.
10:47 of 2nd period - Stopped by Thomas McCollum without a rebound.
10:48 of 2nd period - Jesse Winchester wins face-off versus Patrik Berglund in High Goats zone.
10:48 of 2nd period - Jesse Winchester is hit by Patrik Berglund.
10:57 of 2nd period - Minor Penalty to Nate Prosser for Roughing.
10:58 of 2nd period - Jesse Winchester wins face-off versus Jarret Stoll in Monarchs zone.
11:07 of 2nd period - Snap shot by Chris Stewart.
11:07 of 2nd period - Shot Blocked by Raphael Diaz.
11:37 of 2nd period - Slapshot by Raphael Diaz.
11:37 of 2nd period - Stopped by Thomas McCollum without a rebound.
11:38 of 2nd period - Patrik Berglund wins face-off versus Jesse Winchester in High Goats zone.
11:53 of 2nd period - Slapshot by Patrik Berglund.
11:53 of 2nd period - Stopped by Thomas McCollum with a rebound.
11:55 of 2nd period - Snap shot by Patrik Berglund.
11:55 of 2nd period - Shot Misses the Net.
11:57 of 2nd period - Wrist shot by Alec Martinez.
11:57 of 2nd period - Stopped by Thomas McCollum with a rebound.
11:59 of 2nd period - Snap shot by Patrik Berglund.
11:59 of 2nd period - Stopped by Thomas McCollum without a rebound.
12:00 of 2nd period - Jarret Stoll wins face-off versus Nick Bonino in High Goats zone.
12:01 of 2nd period - Slapshot by Raphael Diaz.
12:01 of 2nd period - Deflect By Jarret Stoll.
12:01 of 2nd period - Shot Misses the Net.
12:01 of 2nd period - Puck is out of play.
12:02 of 2nd period - Nick Bonino wins face-off versus Jarret Stoll in High Goats zone.
12:15 of 2nd period - Wrist shot by Nick Bonino.
12:15 of 2nd period - Shot Misses the Net.
12:17 of 2nd period - Snap shot by Nick Bonino.
12:17 of 2nd period - Shot Misses the Net.
12:57 of 2nd period - Penalty to Nate Prosser is over, Nate Prosser is back on ice.
13:00 of 2nd period - Slapshot by Brendon Segal.
13:00 of 2nd period - Stopped by Michael Leighton with a rebound.
13:04 of 2nd period - Snap shot by Brendon Segal.
13:04 of 2nd period - Stopped by Michael Leighton without a rebound.
13:05 of 2nd period - Patrik Berglund wins face-off versus Dana Tyrell in Monarchs zone.
13:05 of 2nd period - Patrik Berglund is hit by Frederic St-Denis.
13:29 of 2nd period - Dana Tyrell is hit by Michael Haley and loses puck.
14:21 of 2nd period - Snap shot by Brendon Segal.
14:21 of 2nd period - Goal by Brendon Segal - Monarchs : 6 - High Goats : 1.
14:22 of 2nd period - Jarret Stoll wins face-off versus Jesse Winchester in neutral zone.
14:47 of 2nd period - Patrik Berglund is hit by Brandon Bollig and loses puck.
15:38 of 2nd period - Slapshot by Alec Martinez.
15:38 of 2nd period - Deflect By Chris Clark.
15:38 of 2nd period - Stopped by Thomas McCollum with a rebound.
16:13 of 2nd period - Snap shot by Jason Ryznar.
16:13 of 2nd period - Shot Misses the Net.
16:15 of 2nd period - Slapshot by Arturs Kulda.
16:15 of 2nd period - Deflect By Brendon Segal.
16:15 of 2nd period - Stopped by Michael Leighton without a rebound.
16:16 of 2nd period - Patrik Berglund wins face-off versus Jason Ryznar in Monarchs zone.
16:16 of 2nd period - Patrik Berglund is hit by Dana Tyrell.
16:25 of 2nd period - Minor Penalty to Thomas Hickey for Roughing.
16:26 of 2nd period - Pavel Brendl wins face-off versus Jarret Stoll in High Goats zone.
16:53 of 2nd period - Anton Stralman is hit by Denis Hamel and loses puck.
17:00 of 2nd period - Snap shot by Denis Hamel.
17:00 of 2nd period - Stopped by Thomas McCollum with a rebound.
17:02 of 2nd period - Slapshot by Patrik Berglund.
17:02 of 2nd period - Goal by Patrik Berglund - Monarchs : 7 - High Goats : 1.
17:03 of 2nd period - Jesse Winchester wins face-off versus Jason Chimera in neutral zone.
17:10 of 2nd period - Slapshot by Chris Stewart.
17:10 of 2nd period - Stopped by Michael Leighton with a rebound.
17:18 of 2nd period - Wrist shot by Antti Laaksonen.
17:18 of 2nd period - Deflect By Chris Stewart.
17:18 of 2nd period - Deflect By Jason Chimera.
17:18 of 2nd period - Goal by Chris Stewart - Monarchs : 7 - High Goats : 2.
17:19 of 2nd period - Jarret Stoll wins face-off versus Jesse Winchester in neutral zone.
17:33 of 2nd period - Slapshot by Jason Chimera.
17:33 of 2nd period - Stopped by Thomas McCollum with a rebound.
17:35 of 2nd period - Snap shot by Jason Chimera.
17:35 of 2nd period - Shot Misses the Net.
18:04 of 2nd period - Off-side.
18:05 of 2nd period - Jarret Stoll wins face-off versus Joshua Bailey in neutral zone.
18:12 of 2nd period - Wrist shot by Tommy Wingels.
18:12 of 2nd period - Shot Blocked by Matt Taormina.
18:14 of 2nd period - Snap shot by Michael Haley.
18:14 of 2nd period - Shot Misses the Net.
18:16 of 2nd period - Slapshot by Travis Hamonic.
18:16 of 2nd period - Stopped by Thomas McCollum with a rebound.
18:18 of 2nd period - Slapshot by Travis Hamonic.
18:18 of 2nd period - Deflect By Michael Haley.
18:18 of 2nd period - Shot Blocked by Joshua Bailey.
18:18 of 2nd period - Puck is out of play.
18:19 of 2nd period - Jarret Stoll wins face-off versus Jesse Winchester in High Goats zone.
18:21 of 2nd period - Minor Penalty to Jason Chimera for Holding.
18:22 of 2nd period - Jarret Stoll wins face-off versus Antti Laaksonen in Monarchs zone.
18:22 of 2nd period - Jarret Stoll is hit by Antti Laaksonen.
18:54 of 2nd period - Slapshot by Matt Taormina.
18:54 of 2nd period - Deflect By Nick Bonino.
18:54 of 2nd period - Shot Misses the Net.
18:54 of 2nd period - Puck is out of play.
18:55 of 2nd period - Patrik Berglund wins face-off versus Nick Bonino in Monarchs zone.
19:30 of 2nd period - Slapshot by Patrik Berglund.
19:30 of 2nd period - Stopped by Thomas McCollum without a rebound.
19:31 of 2nd period - Jarret Stoll wins face-off versus Nick Bonino in High Goats zone.
19:38 of 2nd period - Slapshot by Anton Stralman.
19:38 of 2nd period - Stopped by Michael Leighton without a rebound.
19:39 of 2nd period - Chris Clark wins face-off versus Nick Bonino in Monarchs zone.
19:50 of 2nd period - Slapshot by Pavel Brendl.
19:50 of 2nd period - Shot Misses the Net.
3rd period
0:01 of 3rd period - Chris Stewart wins face-off versus Jarret Stoll in neutral zone.
0:21 of 3rd period - Penalty to Jason Chimera is over, Jason Chimera is back on ice.
0:26 of 3rd period - Jarret Stoll is hit by Brandon Bollig and loses puck.
0:31 of 3rd period - Snap shot by Pavel Brendl.
0:31 of 3rd period - Stopped by Michael Leighton with a rebound.
0:33 of 3rd period - Slapshot by Matt Taormina.
0:33 of 3rd period - Stopped by Michael Leighton without a rebound.
0:34 of 3rd period - Mikkel Boedker wins face-off versus Nick Bonino in Monarchs zone.
0:47 of 3rd period - Snap shot by Nick Bonino.
0:47 of 3rd period - Stopped by Michael Leighton without a rebound.
0:48 of 3rd period - Jesse Winchester wins face-off versus Jarret Stoll in Monarchs zone.
1:13 of 3rd period - Anton Stralman is hit by Denis Hamel and loses puck.
1:38 of 3rd period - Raphael Diaz is hit by Joshua Bailey and loses puck.
1:59 of 3rd period - Slapshot by Raphael Diaz.
1:59 of 3rd period - Deflect By Jesse Winchester.
1:59 of 3rd period - Stopped by Thomas McCollum without a rebound.
2:00 of 3rd period - Maxime Macenauer wins face-off versus Nick Bonino in High Goats zone.
2:01 of 3rd period - Wrist shot by Chris Clark.
2:01 of 3rd period - Deflect By Carl Hagelin.
2:01 of 3rd period - Stopped by Thomas McCollum with a rebound.
2:03 of 3rd period - Slapshot by Alec Martinez.
2:03 of 3rd period - Stopped by Thomas McCollum with a rebound.
2:09 of 3rd period - Wrist shot by Carl Hagelin.
2:09 of 3rd period - Stopped by Thomas McCollum with a rebound.
2:11 of 3rd period - Snap shot by Chris Clark.
2:11 of 3rd period - Monarchs goal is going for a video replay.
2:11 of 3rd period - The goal is refused. The attacking player has interfered with a goalkeeper in his goal crease..
2:12 of 3rd period - Jesse Winchester wins face-off versus Jarret Stoll in High Goats zone.
2:12 of 3rd period - Gord Baldwin is hit by Jason Chimera and loses puck.
2:37 of 3rd period - Anton Stralman is hit by Alec Martinez and loses puck.
3:04 of 3rd period - Chris Stewart is hit by Tommy Wingels.
3:32 of 3rd period - Wrist shot by Mikkel Boedker.
3:32 of 3rd period - Stopped by Thomas McCollum without a rebound.
3:33 of 3rd period - Matt Frattin wins face-off versus Patrik Berglund in High Goats zone.
3:40 of 3rd period - Denis Hamel is hit by Matt Frattin and loses puck.
4:03 of 3rd period - Major Penalty to Brandon Bollig for Kneeing.
4:03 of 3rd period - Minor Penalty to Chris Clark for Interference.
4:04 of 3rd period - Jesse Winchester wins face-off versus Jarret Stoll in Monarchs zone.
5:19 of 3rd period - Snap shot by Nick Bonino.
5:19 of 3rd period - Deflect By Pavel Brendl.
5:19 of 3rd period - Stopped by Michael Leighton with a rebound.
6:00 of 3rd period - Anton Stralman is hit by Jason Chimera.
6:03 of 3rd period - Penalty to Chris Clark is over, Chris Clark is back on ice.
6:09 of 3rd period - Antti Laaksonen is hit by Jason Chimera and loses puck.
6:26 of 3rd period - Matt Taormina is hit by Jason Chimera and loses puck.
6:53 of 3rd period - Snap shot by Chris Clark.
6:53 of 3rd period - Shot Misses the Net.
7:03 of 3rd period - Wrist shot by Jason Chimera.
7:03 of 3rd period - Shot Blocked by Thomas Hickey.
7:25 of 3rd period - Wrist shot by Chris Clark.
7:25 of 3rd period - Stopped by Thomas McCollum with a rebound.
7:27 of 3rd period - Wrist shot by Alec Martinez.
7:27 of 3rd period - Shot Misses the Net.
7:29 of 3rd period - Wrist shot by Chris Clark.
7:29 of 3rd period - Shot Blocked by Matt Taormina.
7:31 of 3rd period - Wrist shot by Jason Chimera.
7:31 of 3rd period - Deflect By Matt Taormina.
7:31 of 3rd period - Shot Blocked by Thomas Hickey.
7:31 of 3rd period - Puck is out of play.
7:32 of 3rd period - Patrik Berglund wins face-off versus Nick Bonino in High Goats zone.
7:43 of 3rd period - Wrist shot by Patrik Berglund.
7:43 of 3rd period - Shot Misses the Net.
7:45 of 3rd period - Snap shot by Mikkel Boedker.
7:45 of 3rd period - Stopped by Thomas McCollum without a rebound.
7:46 of 3rd period - Jesse Winchester wins face-off versus Patrik Berglund in High Goats zone.
8:27 of 3rd period - Snap shot by Jarret Stoll.
8:27 of 3rd period - Deflect By Michael Haley.
8:27 of 3rd period - Goal by Michael Haley - Monarchs : 8 - High Goats : 2.
8:28 of 3rd period - Pavel Brendl wins face-off versus Patrik Berglund in neutral zone.
9:03 of 3rd period - Penalty to Brandon Bollig is over, Brandon Bollig is back on ice.
9:14 of 3rd period - Snap shot by Pavel Brendl.
9:14 of 3rd period - Stopped by Michael Leighton with a rebound.
9:32 of 3rd period - Wrist shot by Pavel Brendl.
9:32 of 3rd period - Shot Misses the Net.
9:48 of 3rd period - Wrist shot by Chris Stewart.
9:48 of 3rd period - Shot Blocked by Carl Hagelin.
9:50 of 3rd period - Slapshot by Matt Taormina.
9:50 of 3rd period - Shot Misses the Net.
9:52 of 3rd period - Slapshot by Matt Taormina.
9:52 of 3rd period - Shot Misses the Net.
10:04 of 3rd period - Wrist shot by Chris Stewart.
10:04 of 3rd period - Stopped by Michael Leighton with a rebound.
10:06 of 3rd period - Slapshot by Brandon Bollig.
10:06 of 3rd period - Goal by Brandon Bollig - Monarchs : 8 - High Goats : 3.
10:07 of 3rd period - Joshua Bailey wins face-off versus Patrik Berglund in neutral zone.
10:09 of 3rd period - Off-side.
10:10 of 3rd period - Joshua Bailey wins face-off versus Patrik Berglund in neutral zone.
10:23 of 3rd period - Slapshot by Anton Stralman.
10:23 of 3rd period - Shot Misses the Net.
10:25 of 3rd period - Snap shot by Matt Frattin.
10:25 of 3rd period - Goal by Matt Frattin - Monarchs : 8 - High Goats : 4.
10:26 of 3rd period - Nick Bonino wins face-off versus Jarret Stoll in neutral zone.
10:42 of 3rd period - Off-side.
10:43 of 3rd period - Jesse Winchester wins face-off versus Patrik Berglund in neutral zone.
10:45 of 3rd period - Off-side.
10:46 of 3rd period - Jesse Winchester wins face-off versus Patrik Berglund in neutral zone.
10:53 of 3rd period - Slapshot by Gord Baldwin.
10:53 of 3rd period - Shot Blocked by Patrik Berglund.
10:55 of 3rd period - Wrist shot by Chris Stewart.
10:55 of 3rd period - Goal by Chris Stewart - Monarchs : 8 - High Goats : 5.
10:56 of 3rd period - Jarret Stoll wins face-off versus Jesse Winchester in neutral zone.
11:14 of 3rd period - Minor Penalty to Antti Laaksonen for Hooking.
11:15 of 3rd period - Jarret Stoll wins face-off versus Pavel Brendl in High Goats zone.
11:18 of 3rd period - Snap shot by Chris Clark.
11:18 of 3rd period - Shot Misses the Net.
11:20 of 3rd period - Snap shot by Raphael Diaz.
11:20 of 3rd period - Deflect By Jarret Stoll.
11:20 of 3rd period - Shot Hit the Post.
11:20 of 3rd period - Puck is out of play.
11:21 of 3rd period - Pavel Brendl wins face-off versus Jarret Stoll in High Goats zone.
11:21 of 3rd period - Pavel Brendl is hit by Jarret Stoll.
11:57 of 3rd period - Snap shot by Mikkel Boedker.
11:57 of 3rd period - Stopped by Thomas McCollum with a rebound.
12:41 of 3rd period - Matt Frattin is hit by Chris Clark and loses puck.
13:14 of 3rd period - Penalty to Antti Laaksonen is over, Antti Laaksonen is back on ice.
13:31 of 3rd period - Wrist shot by Jesse Winchester.
13:31 of 3rd period - Stopped by Michael Leighton without a rebound.
13:32 of 3rd period - Joshua Bailey wins face-off versus Tommy Wingels in Monarchs zone.
13:35 of 3rd period - Wrist shot by Joshua Bailey.
13:35 of 3rd period - Stopped by Michael Leighton with a rebound.
14:01 of 3rd period - Minor Penalty to Jesse Winchester for Hooking.
14:02 of 3rd period - Pavel Brendl wins face-off versus Jarret Stoll in High Goats zone.
16:01 of 3rd period - Penalty to Jesse Winchester is over, Jesse Winchester is back on ice.
16:08 of 3rd period - Slapshot by Carl Hagelin.
16:08 of 3rd period - Stopped by Thomas McCollum with a rebound.
16:10 of 3rd period - Snap shot by Slava Voynov.
16:10 of 3rd period - Stopped by Thomas McCollum without a rebound.
16:11 of 3rd period - Maxime Macenauer wins face-off versus Dana Tyrell in High Goats zone.
16:22 of 3rd period - Michael Haley is hit by Dana Tyrell.
16:35 of 3rd period - Snap shot by Carl Hagelin.
16:35 of 3rd period - Deflect By Michael Haley.
16:35 of 3rd period - Stopped by Thomas McCollum with a rebound.
16:37 of 3rd period - Slapshot by Slava Voynov.
16:37 of 3rd period - Stopped by Thomas McCollum without a rebound.
16:38 of 3rd period - Jesse Winchester wins face-off versus Jarret Stoll in High Goats zone.
16:42 of 3rd period - Off-side.
16:43 of 3rd period - Jason Chimera wins face-off versus Jesse Winchester in neutral zone.
17:07 of 3rd period - Minor Penalty to Brandon Bollig for Cross-checking.
17:08 of 3rd period - Pavel Brendl wins face-off versus Jarret Stoll in High Goats zone.
17:33 of 3rd period - Pavel Brendl is hit by Nate Prosser.
19:07 of 3rd period - Penalty to Brandon Bollig is over, Brandon Bollig is back on ice.
19:08 of 3rd period - Slapshot by Anton Stralman.
19:08 of 3rd period - Shot Misses the Net.
19:10 of 3rd period - Backhand shot by Frederic St-Denis.
19:10 of 3rd period - Stopped by Michael Leighton without a rebound.
19:11 of 3rd period - Matt Frattin wins face-off versus Michael Haley in Monarchs zone.
19:14 of 3rd period - Snap shot by Joshua Bailey.
19:14 of 3rd period - Shot Blocked by Slava Voynov.
19:27 of 3rd period - Off-side.
19:28 of 3rd period - Chris Clark wins face-off versus Brendon Segal in neutral zone.
19:43 of 3rd period - Dana Tyrell is hit by Maxime Macenauer.
Output by the SimonT Hockey Simulator (STHS) for François Prévost -- Original Page W3C XHTML 1.0 Valid